 Dungeon Crawl Stone Soup version 0.29.1-1-gd02db6906a (webtiles) character file.

Game seed: 17001464707975620554

1355 safid the Skirmisher (level 8, -11/56 (63) HPs)
             Began as a Minotaur Hunter on Oct 6, 2022.
             Mangled by a wight
             ... wielding a +0 great sword
              (12 damage)
             ... on level 6 of the Dungeon.
             The game lasted 00:10:16 (5143 turns).

safid the Skirmisher (Minotaur Hunter)              Turns: 5143, Time: 00:10:17

HP:   -11/56 (63)   AC: 12    Str: 17    XL:     8   Next: 37%
MP:   7/7           EV: 14    Int:  6    God:
Gold: 257           SH:  0    Dex: 17    Spells: 7/7 levels left

rFire   + . .      SeeInvis .   a - +0 shortbow
rCold   . . .      Faith    .   (shield currently unavailable)
rNeg    . . .      Spirit   .   D - +6 scale mail of Wick {*Corrode Will+ Dex+2}
rPois   .          Reflect  .   (helmet restricted)
rElec   .          Harm     .   (no cloak)
rCorr   .          Rampage  .   (no gloves)
Will    +....                   (no boots)
Stlth   ..........              (no amulet)
HPRegen 0.18/turn               f - ring of protection from fire
MPRegen 0.10/turn               t - +4 ring of evasion

@: studying Transmutations, heavily drained
A: horns 2, retaliatory headbutt
a: no special abilities


You were on level 6 of the Dungeon.
You visited 1 branch of the dungeon, and saw 6 of its levels.

You collected 257 gold pieces.

Inventory:

Hand Weapons
 a - a +0 shortbow (weapon)
Missiles
 q - 5 javelins
Armour
 D - the +6 scale mail of Wick (worn) {*Corrode Will+ Dex+2}
   (You found it on level 5 of the Dungeon)

   Dex:       It affects your dexterity (+2).
   *Corrode:  It may corrode you when you take damage.
   Will:      It increases your willpower.
Jewellery
 f - a ring of protection from fire (left hand)
 t - a +4 ring of evasion (right hand)
Wands
 n - a wand of polymorph (3)
 r - a wand of charming (21)
Scrolls
 b - 3 scrolls of immolation
 c - 3 scrolls of enchant armour {unknown}
 e - 3 scrolls of identify {unknown}
 g - 2 scrolls of silence {unknown}
 i - a scroll of summoning {unknown}
 j - a scroll of noise {unknown}
 m - 4 scrolls of teleportation {unknown}
 u - a scroll of vulnerability {unknown}
 x - a scroll of magic mapping {unknown}
 y - 3 scrolls of fog {unknown}
 z - 3 scrolls of brand weapon {unknown}
 C - a scroll of acquirement {unknown}
Potions
 d - 2 potions of degeneration {unknown}
 h - a potion of invisibility {unknown}
 k - a potion of ambrosia {unknown}
 l - 2 potions of brilliance {unknown}
 o - a potion of resistance
 p - 2 potions of flight
 s - 6 potions of curing
 v - 2 potions of haste {unknown}
 A - 2 potions of magic {unknown}
 B - a potion of lignification {unknown}


   Skills:
 - Level 3.0 Fighting
 + Level 11.9 Ranged Weapons
 - Level 2.1 Dodging
 - Level 0.7 Stealth


You had 7 spell levels left.
You didn't know any spells.
Your spell library contained the following spells:

 Spells                   Type           Power      Damage    Failure   Level
 Beastly Appendage        Tmut           0%         N/A       88%         1
 Wereblood                Tmut           0%         N/A       95%         2
 Ozocubu's Armour         Ice            0%         N/A       99%         3
 Spider Form              Tmut/Pois      0%         N/A       99%         3
 Metabolic Englaciation   Hex/Ice        0%         N/A       100%        5
 Simulacrum               Ice/Necr       0%         N/A       100%        6


Dungeon Overview and Level Annotations

Branches:
Dungeon (6/15)
 Temple: D:4-7

Altars:
Dithmenos
Hepliaklqana
Nemelex Xobeh
Uskayaw
Xom

Annotations:
D:2 1 runed translucent door, Crazy Yiuf
D:3 3 runed translucent doors, Icepheonix32's ghost, amateur MfTm
D:6 2 runed translucent doors


Innate Abilities, Weirdness & Mutations

You have a pair of horns on your head.
You reflexively headbutt those who attack you in melee.


Message History

The wight is heavily damaged.
The wight misses you. You furiously retaliate!
You headbutt the wight, but do no damage.
Fire: a) +0 shortbow
Press: ? - help, Q - select action, (/) - cycle Shift-Dir - straight line, f/p - wight
Aim: a wight, wielding a +1 short sword of electrocution and wearing a +0 robe (heavily damaged, 66% to hit)
You shoot an arrow.
The arrow hits the wight but does no damage.
The wight is moderately damaged.
The wight closely misses you. You furiously retaliate!
You headbutt the wight.
Fire: a) +0 shortbow
Press: ? - help, Q - select action, (/) - cycle Shift-Dir - straight line, f/p - wight
Aim: a wight, wielding a +1 short sword of electrocution and wearing a +0 robe (heavily damaged, 66% to hit)
You shoot an arrow. The arrow closely misses the wight.
The arrow hits the wight but does no damage.
The wight is heavily damaged.
The wight hits you with a +0 great sword!
You feel drained.
* * * LOW HITPOINT WARNING * * *
Unknown command.
Unknown command.
Fire: a) +0 shortbow
Press: ? - help, Q - select action, (/) - cycle Shift-Dir - straight line, f/p - wight
Aim: a wight, wielding a +1 short sword of electrocution and wearing a +0 robe (heavily damaged, 66% to hit)
You shoot an arrow.
The arrow hits the wight but does no damage.
The wight is severely damaged.
The wight hits you with a +0 great sword!
* * * LOW HITPOINT WARNING * * *
You feel drained.
* * * LOW HITPOINT WARNING * * *
Fire: a) +0 shortbow
Press: ? - help, Q - select action, (/) - cycle Shift-Dir - straight line, f/p - wight
Aim: a wight, wielding a +1 short sword of electrocution and wearing a +0 robe (heavily damaged, 66% to hit)
You shoot an arrow. The arrow closely misses the wight.
The arrow hits the wight but does no damage.
The wight is heavily damaged.
The wight misses you.
The wight hits you with a +0 great sword!
You die...

### #.#.. ......
...#..
############ .###
.. #.zz@†......
...
.##...##.#########
##.
......#.z.......
#.
......#..#######
#. #..#.#....$#
###. .....#...#.#
#... #.......#
#.#.#. ..
#.#.##### #.#.#.
...###+#...###
#.#...


You could see 2 wights.

Vanquished Creatures
  Sigmund (D:2)
  A black bear (D:5)
  2 ogres (D:5)
  A phantom (D:5)
  A necrophage (D:4)
  2 scorpions
  2 wights (D:6)
  A howler monkey (D:5)
  An orc priest (D:5)
  3 hounds (D:6)
  4 jellies
  A gnoll bouda (D:4)
  Jessica (D:2)
  2 orc wizards
  2 iguanas
  Robin (D:3)
  5 adders
  2 worms
  A dart slug (D:3)
  9 orcs
  8 endoplasms
  A giant cockroach (D:2)
  17 goblins
  8 hobgoblins
  6 jackals
  9 kobolds
  6 quokkas
  9 ball pythons
  2 bats (D:1)
  2 frilled lizards (D:2)
  A rat (D:2)
112 creatures vanquished.

Notes
Turn   | Place    | Note
-------+----------+-------------------------------------------
     0 | D:1      | safid the Minotaur Hunter began the quest for the Orb.
     0 | D:1      | Reached XP level 1. HP: 18/18 MP: 0/0
   237 | D:1      | Reached XP level 2. HP: 25/25 MP: 1/1
   365 | D:1      | Found a faded altar of an unknown god.
   366 | D:1      | Noticed a floating eye
   368 | D:1      | Noticed a floating eye
   368 | D:1      | Noticed a great orb of eyes
   368 | D:1      | Noticed a golden eye
   533 | D:2      | Noticed Jessica
   538 | D:2      | Reached skill level 5 in Ranged Weapons
   552 | D:2      | Reached XP level 3. HP: 30/31 MP: 2/2
   554 | D:2      | Killed Jessica
   760 | D:2      | Noticed Sigmund
  1558 | D:2      | Killed Sigmund
  1559 | D:2      | Reached skill level 7 in Ranged Weapons
  1559 | D:2      | Reached XP level 4. HP: 38/38 MP: 3/3
  1559 | D:2      | Reached XP level 5. HP: 45/45 MP: 4/4
  1860 | D:2      | Found a runed translucent door.
  1861 | D:2      | Noticed Crazy Yiuf
  2182 | D:3      | Found a runed translucent gate.
  2183 | D:3      | Found a runed translucent gate.
  2183 | D:3      | Noticed Icepheonix32's ghost (amateur MfTm)
  2184 | D:3      | Found a runed translucent gate.
  2435 | D:3      | Reached XP level 6. HP: 51/51 MP: 5/5
  2448 | D:3      | Noticed Robin
  2456 | D:3      | Killed Robin
  2457 | D:3      | Reached skill level 8 in Ranged Weapons
  3766 | D:5      | Entered Level 5 of the Dungeon
  3794 | D:4      | Reached skill level 9 in Ranged Weapons
  3794 | D:4      | Reached XP level 7. HP: 36/57 MP: 6/6
  4177 | D:5      | Reached skill level 10 in Ranged Weapons
  4273 | D:5      | Found a shimmering altar of Xom.
  4358 | D:5      | Found a sparkling altar of Nemelex Xobeh.
  4395 | D:5      | Identified the +6 scale mail of Wick {*Corrode Will+ Dex+2}
  4478 | D:5      | Reached skill level 11 in Ranged Weapons
  4478 | D:5      | Reached XP level 8. HP: 61/63 MP: 7/7
  4570 | D:5      | Found a hide-covered altar of Uskayaw.
  4573 | D:5      | Found a hazy altar of Hepliaklqana.
  4575 | D:5      | Found a shadowy altar of Dithmenos.
  4724 | D:6      | Found a large runed translucent door.
  4725 | D:6      | Found a large runed translucent door.
  4918 | D:6      | Noticed a two-headed ogre
  5142 | D:6      | HP: 1/56 [wight/+0 great sword (2)]
  5143 | D:6      | Mangled by a wight

Illustrated notes

Levels and vault maps discovered:
D:1:      kennysheep_arrival_seaside, layout_rooms,
          hellmonk_ecumenical_altar_watching_god
D:2:      layout_loops_ring, grunt_decor_arrowhead, minmay_pentomino_r4,
          uniq_crazy_yiuf_cottage, uniq_jessica, uniq_sigmund
D:3:      layout_basic, biasface_ghost_orc_armoury, uniq_robin
D:4:      layout_rooms, minmay_crossroads
D:5:      layout_rooms, xom_butterflies, nicolae_overflow_hidden_temple,
          minmay_manual_macuahuitl
D:6:      due_chaos_kobolds, layout_basic, tso_altar,
          minmay_temple_entry_nine_rooms, lightli_corner_chamber

Skill      XL: |  1  2  3  4  5  6  7 |
---------------+----------------------+-----
Fighting       | 3 |  3.0
Ranged Weapons | 5 7 9 11 | 11.9
Dodging        | |  2.1
Stealth        | |  0.7

Action                   |  1- 3 |  4- 6 |  7- 9 || total
-------------------------+-------+-------+-------++-------
Melee: Unarmed           |     1 |       |       ||     1
 Fire: Shortbow          |    83 |   183 |   135 ||   401
  Use: Potion            |       |     4 |     1 ||     5
Armor: Ring mail         |     8 |    23 |       ||    31
       Skin              |     6 |       |       ||     6
       Scale mail        |       |    15 |    34 ||    49
Dodge: Dodged            |    20 |    69 |    81 ||   170
